 Dungeon Crawl Stone Soup version 0.19-a0-599-g723c685 (webtiles) character file.

31 Amnesiac the Changer (level 3, 0/17 HPs)
             Began as a Vine Stalker Transmuter on June 11, 2016.
             Killed by nerve-wracking pain
             ... invoked by an orc priest
              (6 damage)
             ... on level 3 of the Dungeon.
             The game lasted 00:00:56 (260 turns).

Amnesiac the Changer (Vine Stalker Transmuter)       Turns: 260, Time: 00:00:57

Health: 0/17       AC:  2    Str: 12    XL:     3   Next: 22%
Magic:  0/7        EV: 12    Int: 13    God:
Gold:   21         SH:  0    Dex: 15    Spells: 1 memorised, 5 levels left

rFire  . . .     SeeInvis .       - Unarmed
rCold  . . .     Gourm    .     b - +0 robe
rNeg   . . .     Faith    .     (no shield)
rPois  .         Spirit   +     (no helmet)
rElec  .         Dismiss  .     (no cloak)
rCorr  .         Reflect  .     (no gloves)
SustAt .         Harm     .     (no boots)
MR     .....                    (no amulet)
Stlth  +.........               (no ring)
                                (no ring)

@: not resistant to hostile enchantments, very unstealthy
A: fangs 2, regeneration 1, magic shield, antimagic bite, no device heal 3, rot
immunity
a: no special abilities


You were on level 3 of the Dungeon.
You were not hungry.

You visited 1 branch of the dungeon, and saw 3 of its levels.

You collected 21 gold pieces.

Inventory:

Missiles
 a - 36 arrows
Armour
 b - a +0 robe (worn)
Books
 c - a book of Changes

   Spells                             Type                      Level
   a - Beastly Appendage              Transmutation                1
   b - Sticks to Snakes               Transmutation                2
   c - Spider Form                    Transmutation/Poison         3
   d - Ice Form                       Ice/Transmutation            4
   e - Blade Hands                    Transmutation                5
Comestibles
 d - a bread ration
 f - a beef jerky


   Skills:
 - Level 0.8 Fighting
 - Level 1.5 Dodging
 - Level 3.0 Unarmed Combat
 - Level 2.1 Spellcasting
 + Level 3.5 Transmutations


You had 5 spell levels left.
You knew the following spells:

 Your Spells              Type           Power        Failure   Level  Hunger
z - Beastly Appendage     Tmut           ##....       8%          1    ##.....


Dungeon Overview and Level Annotations

Branches:
Dungeon (3/15)

Altars:


Innate Abilities, Weirdness & Mutations

You have extremely sharp teeth.
Your natural rate of healing is unusually fast.
When hurt, damage is shared between your health and your magic reserves.
Your bite disrupts and absorbs the magic of your enemies.
Potions and wands cannot restore your health.
You are immune to rotting.


Message History

You have reached level 2!
You have reached level 3!
Your experience leads to an increase in your attributes!
Increase (S)trength, (I)ntelligence, or (D)exterity?
You feel agile.
You hit the orc priest.
The orc priest is moderately wounded.
The orc priest misses you.
You hit the orc priest.
You bite the orc priest, but do no damage.
The orc priest is heavily wounded.
The orc priest barely misses you.
The orc shouts!
The orc throws a tomahawk.
The tomahawk barely misses you.
The orc priest casts a cantrip, but nothing happens.
You see here a tomahawk.
Your horns disappear.
The orc priest invokes the aid of Beogh against you.
Pain shoots through your body!
You die...

...........#
....$......#
...........#
...........#
...o......###
...........#
#####...###.#
#.....oo....#
#.###.####@.##
#....)...#
#######.## #.#
#.# #.# #.#
#.# #.#


You could see an orc priest and 2 orcs.

Vanquished Creatures
  An orc priest (D:3)
  A hobgoblin (D:1)
  A giant newt (D:1)
  A rat (D:3)
4 creatures vanquished.

Notes
Turn   | Place    | Note
--------------------------------------------------------------
     0 | D:1      | Amnesiac the Vine Stalker Transmuter began the quest for the Orb.
     0 | D:1      | Reached XP level 1. HP: 9/9 MP: 4/4
   237 | D:3      | Noticed an orc priest
   237 | D:3      | Noticed an orc priest
   250 | D:3      | Killed an orc priest
   250 | D:3      | Reached XP level 2. HP: 3/14 MP: 6/6
   250 | D:3      | Reached XP level 3. HP: 4/17 MP: 7/7
   260 | D:3      | Killed from afar by an orc priest

Vault maps used:
D:1:      saegor_arrival_simple_f, minmay_misc_feat_five,
          evilmike_ruin_ashenzari
D:2:      nicolae_qazlal_style_of_elements
D:3:      minmay_ogre_servants

Skill      XL: |  1 |
---------------+----+-----
Transmutations | 3 |  3.5
Fighting       | |  0.8
Dodging        | |  1.5
Unarmed Combat | |  3.0
Spellcasting   | |  2.1

Action                   || total
-------------------------++-------
Melee: Unarmed           ||    13
       Bite              ||     5
       Kick              ||     3
       Headbutt          ||     1
 Cast: Beastly Appendage ||     3
  Use: Scroll            ||     1
Dodge: Dodged            ||     8
